 Dungeon Crawl Stone Soup version 0.24.0-123-gd5b16e6ec5 (webtiles) character file.

Game seed: 8814043066270189710, levelgen mode: deterministic

16 FishyPogo the Chopper (level 2, -2/27 HPs)
             Began as a Hill Orc Monk on Dec 28, 2019.
             Slain by an orc
             ... wielding a +0 short sword
              (5 damage)
             ... on level 3 of the Dungeon.
             The game lasted 00:03:57 (564 turns).

FishyPogo the Chopper (Hill Orc Monk)                Turns: 564, Time: 00:03:57

Health: -2/27      AC:  2    Str: 15    XL:     2   Next: 58%
Magic:  1/1        EV: 18    Int: 10    God:
Gold:   11         SH:  0    Dex: 18    Spells: 1/1 levels left

rFire    . . .     SeeInvis .   a - +0 hand axe
rCold    . . .     Gourm    .   (no shield)
rNeg     . . .     Faith    .   b - +0 robe
rPois    .         Spirit   .   (helmet restricted)
rElec    .         Reflect  .   (no cloak)
rCorr    .         Harm     .   (no gloves)
MR       .....                  (no boots)
Stlth    +++.......             (no amulet)
HPRegen  0.09/turn              (no ring)
MPRegen  0.07/turn              (no ring)

@: agile, flying
A: horns 1, low mp 1, strong 1
a: no special abilities


You were on level 3 of the Dungeon.
You were not hungry.

You visited 1 branch of the dungeon, and saw 3 of its levels.

You collected 11 gold pieces.

Inventory:

Hand Weapons
 a - a +0 hand axe (weapon)
Missiles
 k - 9 stones (quivered)
Armour
 b - a +0 robe (worn)
Potions
 i - a potion of curing
Comestibles
 c - 2 rations
 f - a chunk of flesh


   Skills:
 * Level 3.9 Fighting
 + Level 4.1 Axes
 * Level 1.0 Armour
 + Level 2.5 Dodging
 + Level 1.8 Stealth


You had one spell level left.
You didn't know any spells.
Your spell library was empty.

Dungeon Overview and Level Annotations

Branches:
Dungeon (3/15)

Altars:
Kikubaaqudgha


Innate Abilities, Weirdness & Mutations

You have a pair of small horns on your head.
Your magical capacity is low. (-10% MP)
Your muscles are strong. (Str +2)


Message History

The orc closely misses you.
Unknown command.
As you read the scroll labeled JUNAUL SENE, it crumbles to dust.
It is a scroll of identify.
You don't have any unidentified items.
The orc barely misses you. The dart slug launches a dart at you.
The slug dart misses you.
You hit the dart slug but do no damage. You closely miss the orc.
The orc closely misses you. The dart slug misses you.
Unknown command.
You hit the kobold.
The kobold is moderately wounded.
You completely miss the orc. You hit the dart slug but do no damage.
The orc closely misses you. The kobold completely misses you.
You hit the kobold.
You kill the kobold!
You hit the worm. You hit the orc. You hit the dart slug.
The orc hits you with a +0 short sword.
You die...

#... .... #
.. #... .#
.. #..##.
.. #..#. #.
#...###.
#)w#..=
#.@##.#
#.wo#(#
#..g.#..K#
#...###..#
#....#...g.
##..#.#
.##S#
#.##.##.# .
#.#...# #..
#.†###. ...


You could see a worm, a dart slug, an orc and a goblin.

Vanquished Creatures
  A dart slug (D:2)
  3 leopard geckos
  A goblin (D:3)
  3 bats
  A frilled lizard (D:2)
  2 kobolds (D:3)
  A rat (D:2)
12 creatures vanquished.

Notes
Turn   | Place    | Note
-------+----------+-------------------------------------------
     0 | D:1      | FishyPogo the Hill Orc Monk began the quest for the Orb.
     0 | D:1      | Reached XP level 1. HP: 19/19 MP: 1/1
   185 | D:2      | Reached XP level 2. HP: 23/27 MP: 2/2
   279 | D:3      | Found an ancient bone altar of Kikubaaqudgha.
   385 | D:3      | Reached skill level 1 in Armour
   388 | D:3      | HP: 1/27 [worm (11)]
   558 | D:3      | Gained mutation: Your magical capacity is low. (-10% MP)
                  | [potion of mutation]
   558 | D:3      | Gained mutation: Your muscles are strong. (Str +2) [potion
                  | of mutation]
   558 | D:3      | Gained mutation: You have a pair of small horns on your
                  | head. [potion of mutation]
   564 | D:3      | Slain by an orc

Levels and vault maps discovered:
D:1:      nicolae_arrival_somewhat_less_tricky_arrival, layout_basic,
          hangedman_decor_push, minmay_misc_feat_alley, st_stairs_7
D:2:      layout_basic, uniq_sigmund
D:3:      layout_basic, nicolae_overflow_crystal_walls, first_ration,
          minmay_ruptured

Skill      XL: |  1  2 |
---------------+-------+-----
Armour         | 1 |  1.0
Fighting       | |  3.9
Axes           | |  4.1
Dodging        | |  2.5
Stealth        | |  1.8

Action                   || total
-------------------------++-------
Melee: Hand axe          ||    44
Throw: Dart              ||    11
       Stone             ||     3
  Use: Potion            ||     4
       Scroll            ||     1
 Stab: Sleeping          ||     2
Armor: Robe              ||     2
Dodge: Dodged            ||    40
